 Dungeon Crawl Stone Soup version 0.19.1-1-g22dce08 (webtiles) character file.

422313 Alarkh the Executioner (level 22, -7/170 (176) HPs)
             Began as a Demonspawn Skald on Jan 7, 2017.
             Was the Champion of Okawaru.
             Mangled by a stone giant (15 damage)
             ... summoned by an orange crystal statue
             ... while paralysed by a great orb of eyes
             ... on level 2 of the Depths on Jan 8, 2017.
             The game lasted 02:21:09 (53275 turns).

Alarkh the Executioner (Demonspawn Skald)          Turns: 53275, Time: 02:21:09

HP:   -7/170 (176)  AC: 28    Str: 10    XL:     22   Next: 67%
MP:   0/32          EV:  2    Int: 25    God:    Okawaru [******]
Gold: 3660          SH:  0    Dex: 17    Spells: 4 memorised, 24 levels left

rFire  + . .     SeeInvis .     a - +6 battleaxe of Marhau {chop, rElec Dex+2}
rCold  + . .     Gourm    .     L - +3 ring mail {rC+}
rNeg   . . .     Faith    .     (shield currently unavailable)
rPois  +         Spirit   +     (helmet unavailable)
rElec  +         Reflect  .     g - +2 cloak {+Inv}
rCorr  .         Harm     .     s - +2 pair of gloves {Str+3}
MR     +....                    p - +2 pair of boots {Fly}
Stlth  ++++......               T - amulet of guardian spirit
                                n - +6 ring of protection
                                R - ring "Vauriyxi" {rPois rF+ Str-5 Int+3}

@: confused, paralysed, lethally poisoned (-7 -> -11), flying, repel missiles,
drained
A: horns 3, nightstalker 3, poison resistance, powered by death 1, augmentation
2, sturdy frame 3
a: Heroism, Finesse, Renounce Religion, Evoke Invisibility, Stop Flying
}: 2/15 runes: decaying, gossamer


You were on level 2 of the Depths.
You worshipped Okawaru.
Okawaru was exalted by your worship.
You were not hungry.

You visited 9 branches of the dungeon, and saw 41 of its levels.
You visited the Abyss 3 times.
You also visited: Bailey.

You collected 6743 gold pieces.
You spent 3083 gold pieces at shops.

Inventory:

Hand Weapons
 a - the +6 battleaxe of Marhau (weapon) {chop, rElec Dex+2}
   (Okawaru gifted it to you on level 2 of the Elven Halls)

   It inflicts extra damage upon your enemies.
   It affects your dexterity (+2).
   It insulates you from electricity.
 b - a +1 executioner's axe of flaming
 w - the +6 morningstar of Winter {crush, SInv}
   (You took it off a kobold in a bailey)

   It inflicts extra damage upon your enemies.
   It lets you see invisible.
Armour
 c - a +2 pair of boots of running
 g - a +2 cloak of invisibility (worn)
 p - a +2 pair of boots of flying (worn)
 s - a +2 pair of gloves of strength (worn)
 x - a +2 crystal plate armour
 L - a +3 ring mail of cold resistance (worn)
Jewellery
 i - an uncursed ring of resist corrosion
 n - a +6 ring of protection (right hand)
 R - the ring "Vauriyxi" (left hand) {rPois rF+ Str-5 Int+3}
   (You took it off a deep elf mage on level 3 of the Elven Halls)

   [ring of poison resistance]

   It affects your strength (-5).
   It affects your intelligence (+3).
   It protects you from fire.
   It protects you from poison.
 T - an amulet of guardian spirit (around neck)
Wands
 j - a wand of hasting (3/9)
 r - a wand of iceblast (12/15)
 t - a wand of teleportation (3/9)
 y - a wand of disintegration (11/24)
 V - a wand of digging (6/24)
Scrolls
 e - 21 scrolls of identify
 h - 11 scrolls of remove curse
 m - 10 scrolls of recharging
 q - 3 scrolls of fog
 v - 4 scrolls of fear
 F - 4 scrolls of silence
 G - 2 scrolls of magic mapping
 H - 2 scrolls of blinking
 K - 11 scrolls of teleportation
 M - 2 scrolls of summoning
Potions
 f - 2 potions of flight
 k - 4 potions of resistance
 u - 4 potions of invisibility
 z - a potion of berserk rage
 A - 18 potions of curing
 B - 10 potions of heal wounds
 C - 12 potions of haste
 D - 3 potions of might
 I - 3 potions of agility
 O - a potion of brilliance
Books
 P - a book of Spatial Translocations

   Spells                             Type                      Level
   a - Blink                          Translocation                2
   b - Shroud of Golubria             Charms/Translocation         2
   c - Lesser Beckoning               Translocation                3
   d - Portal Projectile              Translocation                3
   e - Teleport Other                 Translocation                3
   f - Passage of Golubria            Translocation                4
 Q - the Disquisition on Ashen Dark Secrets
   (You found it on level 2 of the Depths)

   Spells                             Type                      Level
   a - Animate Skeleton               Necromancy                   1
   b - Corpse Rot                     Necromancy                   2
   c - Sublimation of Blood           Necromancy                   2
   d - Regeneration                   Charms/Necromancy            3
   e - Leda's Liquefaction            Hexes/Earth                  4
   f - Animate Dead                   Necromancy                   4
   g - Petrify                        Transmutation/Earth          4
Comestibles
 d - 18 bread rations
 l - a meat ration
 o - a royal jelly
 E - 2 fruits
 J - a beef jerky
 N - 4 chunks of flesh
 S - a slice of pizza


   Skills:
 + Level 15.5(14.1) Fighting
 * Level 21.6(20.1) Axes
 + Level 15.3(14.0) Armour
 + Level 14.9(13.5) Dodging
 + Level 12.8(11.5) Stealth
 - Level 6.8(5.7) Spellcasting
 - Level 7.0(5.9) Charms
 - Level 9.0(7.8) Invocations
 - Level 8.0(6.8) Evocations


You had 24 spell levels left.
You knew the following spells:

 Your Spells              Type           Power        Failure   Level  Hunger
a - Spectral Weapon       Hex/Chrm       ###.....     10%         3    #......
b - Blink                 Tloc           N/A          14%         2    None
d - Repel Missiles        Chrm/Air       ###...       4%          2    None
e - Regeneration          Chrm/Necr      ###.......   10%         3    #......


Dungeon Overview and Level Annotations

Branches:
Dungeon (15/15)            Temple (1/1) D:7            Lair (6/6) D:8
  Swamp (4/4) Lair:4       Spider (4/4) Lair:3        Slime (0/5) Lair:6
    Orc (2/2) D:9             Elf (3/3) Orc:2        Vaults (4/5) D:14
  Crypt (0/3) Vaults:2     Depths (2/5) D:15

Altars:
Ashenzari
Cheibriados
Dithmenos
Elyvilon
Fedhas
Gozag
Hepliaklqana
Kikubaaqudgha
Makhleb
Nemelex Xobeh
Okawaru
Qazlal
Ru
Sif Muna
Trog
Uskayaw
Vehumet
Xom
Yredelemnul
Zin
The Shining One

Shops:
D:5 !   D:11 %   D:15 !   Orc:2 ?:?[%   Elf:1 %   Vaults:2 !   Vaults:4 ![

Portals:
Hell: Depths:1 Depths:2
Abyss: Depths:1
Pandemonium: Orc:2

Annotations:
Depths:2 exclusion: orange crystal statue


Innate Abilities, Weirdness & Mutations

You have a pair of large horns on your head.
You are completely attuned to the shadows.
You regenerate a little health from kills.
Your magical and physical power is enhanced at high health.
Your movements are significantly less encumbered by armour. (ER -6)
Your system is resistant to poisons. (rPois)


Message History

The meliai hits you.
* * * LOW HITPOINT WARNING * * *
The meliai stings you.
* * * LOW HITPOINT WARNING * * *
The meliai hits you but does no damage. The meliai barely misses you.
The lich touches you but does no damage.
The rakshasa hits you but does no damage.
The stone giant hits you but does no damage.
The phantom blinks!
The great orb of eyes bites you but does no damage.
The meliai hits you but does no damage.
The meliai stings you but does no damage.
The meliai changes into a komodo dragon!
The lich gestures at you while chanting.
Helpless, you fail to dodge the poison arrow.
You are poisoned.
You partially resist.
* * * LOW HITPOINT WARNING * * *
The stone giant hits you!
You die...

###########
#.WL@..P..#### ####
#..GCl....##.## ##..#
#..WWRP...##..###...#
#P..P.....+...##....#
#....P....##..##....#
#..8......##..##..).#
#P..≈.P...##...#....#
PP.....##........#
.......##....)).)|


You could see a stone giant, a lich, a great orb of eyes, a rakshasa, a komodo
dragon shaped shifter, a phantom and 2 wraiths.

Vanquished Creatures
  An ancient lich (Depths:2)
  Bai Suzhen (Swamp:3)
  Sojobo (Vaults:3)
  Nikola (Swamp:3)
  Jorgrun (Swamp:3)
  A tentacled monstrosity (Swamp:4)
  2 liches
  A titan (Depths:1)
  2 deep elf master archers (Elf:3)
  2 deep elf blademasters (Elf:3)
  3 sphinxes
  4 tentacled starspawn (Abyss:3)
  2 tengu reavers (Vaults:3)
  3 thorn hunters (Swamp:4)
  Gastronok (D:11)
  Donald (Spider:1)
  The ghost of Exporg the Bludgeoner, a journeyman MiBe of Trog (Swamp:1)
  2 fire giants
  4 ghost moths
  8 deep elf sorcerers
  3 frost giants
  A cacodemon (Abyss:3)
  4 emperor scorpions (Spider:4)
  Aizul (Vaults:2)
  5 deep elf elementalists (Elf:3)
  7 vault wardens
  A caustic shrike zombie (Depths:1)
  The ghost of HEYYEYAAE the Gelid, a journeyman DrIE of Okawaru (Orc:2)
  13 ironheart preservers
  9 very ugly things (Depths:2)
  7 stone giants
  A war gargoyle (Depths:2)
  9 deep elf demonologists
  A lorocyproca (Abyss:3)
  10 deep elf annihilators
  A dire elephant (D:15)
  2 spark wasps
  4 deep elf death magi (Elf:3)
  Snorg (D:10)
  5 ettins
  3 eidola (Depths:2)
  An ettin (shapeshifter) (Depths:1)
  A merfolk impaler (Depths:1)
  4 deep elf high priests (Elf:3)
  4 fire dragons
  4 great orbs of eyes
  A rakshasa (Depths:2)
  25 hydras
  3 yaktaur captains
  11 centaur warriors
  3 catoblepae (Lair:6)
  4 ice dragons
  2 ghost crabs
  Erica (D:9)
  5 vault guards
  An anaconda (Swamp:1)
  A satyr (Abyss:3)
  9 alligators
  3 deep troll earth magi
  7 ogre magi
  2 death knights
  A deep troll shaman (Vaults:3)
  26 dancing weapons
  A tengu warrior (Depths:1)
  17 death yaks
  3 orc high priests (Orc:2)
  3 spriggan berserkers
  4 soul eaters
  3 thrashing horrors
  23 deep elf knights
  2 titan zombies (Vaults:4)
  A sun demon (Abyss:3)
  12 hell knights
  12 skeletal warriors
  A fire crab (D:13)
  2 titan skeletons (Vaults:4)
  2 fire crabs (shapeshifter)
  2 sixfirhies (Abyss:3)
  4 shadow wraiths
  A wretched star (Abyss:3)
  A spatial maelstrom (Abyss:3)
  16 swamp dragons
  A glowing orange brain (shapeshifter) (Elf:1)
  3 spriggan druids
  4 wizards
  2 death drakes (Depths:2)
  A spectral hydra (Depths:2)
  A flayed ghost (Depths:2)
  A shambling mangrove (Swamp:1)
  3 unseen horrors
  10 deep trolls
  An orange crystal statue (Depths:2)
  5 glowing orange brains
  21 deep elf archers
  An infernal demonspawn (Orc:2)
  3 gelid demonspawn (Orc:2)
  10 necromancers
  3 hill giants
  13 ironbrand convokers
  4 phantasmal warriors
  18 orc knights
  A shadow dragon zombie (Depths:2)
  13 orb spiders
  82 deep elf magi
  A stone giant zombie (Depths:2)
  11 orc sorcerers
  28 ugly things
  A frost giant zombie (Depths:1)
  2 oklob plants
  A salamander (D:15)
  6 cyclopes
  29 wolf spiders
  2 human zombies (Vaults:4)
  A moth of wrath (Spider:4)
  2 apocalypse crabs
  6 black mambas
  7 manticores
  A worldbinder (Abyss:3)
  13 vault sentinels
  A torpor snail (Lair:5)
  A guardian serpent (Abyss:3)
  27 spiny frogs
  A fire giant skeleton (Depths:2)
  A rust devil (Orc:2)
  A frost giant skeleton (Vaults:4)
  A spriggan zombie (Depths:1)
  An orange demon (Abyss:3)
  Joseph (D:9)
  4 smoke demons
  A spiny frog (shapeshifter) (Vaults:2)
  3 gargoyles
  26 yaktaurs
  A torpor snail (shapeshifter) (Vaults:2)
  A rime drake (Lair:4)
  An efreet (Abyss:3)
  A komodo dragon (shapeshifter) (Depths:1)
  An ice devil (Orc:2)
  A spriggan skeleton (Depths:2)
  19 demonic crawlers
  7 freezing wraiths
  A kobold demonologist (D:15)
  An ancient zyme (Abyss:3)
  2 tengu conjurers (Depths:1)
  An anaconda simulacrum (Depths:2)
  A queen bee (shapeshifter) (Vaults:2)
  4 komodo dragons
  11 two-headed ogres
  3 meliai (D:15)
  5 polar bears
  23 jumping spiders
  A tengu simulacrum (Vaults:4)
  8 tyrant leeches
  5 trolls
  2 trolls (shapeshifter)
  2 hippogriffs (shapeshifter)
  3 raiju
  20 hornets
  21 slime creatures
  7 bog bodies
  17 blink frogs
  5 dream sheep (Lair:5)
  2 stone giant simulacra
  8 hippogriffs
  A fire dragon skeleton (Depths:1)
  11 spriggans
  3 air elementals
  5 shadows
  51 redbacks
  20 tarantellas
  15 water elementals
  A centaur simulacrum (D:14)
  3 vampires (Depths:2)
  2 ynoxinuls (Abyss:3)
  5 starcursed masses (Abyss:3)
  A tarantella (shapeshifter) (Depths:1)
  19 humans (D:14)
  4 fire bats (Abyss:3)
  72 yaks
  6 wyverns
  13 wraiths
  4 large abominations
  A hungry ghost (D:8)
  Grum (D:10)
  3 basilisks
  A chaos spawn (Abyss:3)
  A fire elemental (Elf:1)
  20 vampire mosquitoes
  A neqoxec (Abyss:3)
  2 spatial vortices (Abyss:3)
  4 insubstantial wisps (Swamp:4)
  7 wargs
  2 mottled dragons
  13 water moccasins
  A soldier ant (shapeshifter) (Vaults:4)
  17 swamp worms
  A hydra simulacrum (Depths:2)
  A soldier ant (D:13)
  A minotaur simulacrum (Depths:2)
  5 porcupines
  8 hell hounds (Depths:2)
  19 swamp drakes
  Duvessa (D:7)
  A floating eye (Depths:2)
  4 spectral trolls (Depths:2)
  6 ice beasts
  3 sky beasts
  3 phantoms
  53 orc warriors
  An ettin simulacrum (Vaults:2)
  A black bear (D:9)
  An eye of draining (Abyss:3)
  2 boggarts
  2 necrophages
  9 centaurs
  23 wolves
  40 ogres
  10 crocodiles
  3 big kobolds
  14 bullfrogs
  A glowing shapeshifter simulacrum (Depths:2)
  Dowan (D:7)
  A gnoll sergeant (D:10)
  A wyvern skeleton (D:10)
  2 water moccasin skeletons
  4 scorpions
  4 spectral nagas (Depths:2)
  2 spectral ogres (Depths:2)
  21 wights
  5 small abominations
  4 howler monkeys
  3 electric eels
  3 centaur zombies
  6 crimson imps
  2 quasits
  5 hounds
  4 jellies
  5 centaur skeletons
  35 orc priests
  2 iron imps
  A bullfrog skeleton (D:5)
  11 worker ants
  7 iguanas
  20 orc wizards
  A troll simulacrum (Depths:2)
  A hound zombie (D:10)
  2 hound skeletons
  A worker ant zombie (D:10)
  15 adders
  16 gnolls
  A naga simulacrum (Depths:2)
  8 shadow imps
  A white imp (Orc:1)
  An adder zombie (D:9)
  2 oozes
  An adder skeleton (D:9)
  A worm (D:3)
  2 dart slugs (D:1)
  3 leopard geckos
  116 orcs
  3 ball pythons
  4 bats
  8 giant cockroaches
  16 goblins
  9 hobgoblins
  19 jackals
  3 quokkas
  5 frilled lizards
  39 kobolds
  2 leopard gecko skeletons
  8 rats
  2 bushes (Lair:6)
  4 crawling corpses (Elf:3)
  11 fungi
  5 plants
1908 creatures vanquished.

Vanquished Creatures (others)
  A deep elf sorcerer (Elf:3)
  An alligator (Swamp:2)
  A wolf spider (Spider:4)
  2 deep elf magi (Elf:3)
  A yaktaur (Vaults:3)
  A redback (Spider:3)
  A warg (Depths:2)
  A spectral ogre (Depths:2)
  An orc priest (Orc:1)
  An orc wizard (Orc:1)
  15 fungi
  A lurking horror (Abyss:3)
  18 plants
  4 starspawn tentacles (Abyss:3)
49 creatures vanquished.

Grand Total: 1957 creatures vanquished

Notes
Turn   | Place    | Note
-------+----------+-------------------------------------------
     0 | D:1      | Alarkh the Demonspawn Skald began the quest for the Orb.
     0 | D:1      | Reached XP level 1. HP: 16/16 MP: 3/3
    21 | D:1      | Reached skill level 2 in Axes
    36 | D:1      | Gained mutation: You have a pair of small horns on your head. [demonic ancestry]
    36 | D:1      | Reached XP level 2. HP: 22/22 MP: 0/5
   178 | D:1      | Reached skill level 3 in Axes
   632 | D:1      | Gained mutation: You are slightly more attuned to the shadows. [demonic ancestry]
   632 | D:1      | Reached XP level 3. HP: 25/27 MP: 6/6
  1921 | D:2      | Reached skill level 4 in Axes
  1921 | D:2      | Reached XP level 4. HP: 33/33 MP: 7/7
  2497 | D:3      | Reached XP level 5. HP: 31/38 MP: 8/8
  3257 | D:5      | Entered Level 5 of the Dungeon
  3333 | D:5      | Reached skill level 5 in Axes
  3682 | D:4      | Noticed a phantom
  3831 | D:5      | Found Atsemuz's Distillery.
  3843 | D:5      | Bought a potion of curing for 33 gold pieces
  3843 | D:5      | Bought a potion of curing for 33 gold pieces
  3843 | D:5      | Bought a potion of might for 44 gold pieces
  3843 | D:5      | Bought a potion of berserk rage for 55 gold pieces
  3843 | D:5      | Bought a potion of berserk rage for 55 gold pieces
  4025 | D:5      | Gained mutation: You have a pair of horns on your head. [demonic ancestry]
  4025 | D:5      | Reached XP level 6. HP: 32/44 MP: 9/9
  4143 | D:5      | Reached skill level 6 in Axes
  4258 | D:5      | Noticed a sky beast
  4304 | D:5      | Killed a sky beast
  4508 | D:5      | Found a white marble altar of Elyvilon.
  4626 | D:5      | Found an opulent altar of Gozag.
  4626 | D:5      | Found a deep blue altar of Sif Muna.
  4627 | D:5      | Found an iron altar of Okawaru.
  4627 | D:5      | Found a stormy altar of Qazlal.
  4633 | D:5      | Became a worshipper of Warmaster Okawaru
  4736 | D:5      | Reached skill level 7 in Axes
  4736 | D:5      | Reached XP level 7. HP: 39/50 MP: 10/10
  5370 | D:5      | Reached skill level 8 in Axes
  5572 | D:6      | Reached * piety under Okawaru
  5598 | D:6      | Found an iron altar of Okawaru.
  5631 | D:6      | Gained mutation: Your movements are slightly less encumbered by armour. (ER -2) [demonic ancestry]
  5631 | D:6      | Reached XP level 8. HP: 42/56 MP: 11/11
  5676 | D:6      | Got a transparent large shield
  5856 | D:5      | Identified the cursed +0 large shield of Happiness {rElec rPois rF++ Str-5} (You found it on level 6 of the Dungeon)
  5870 | D:6      | Reached skill level 9 in Axes
  6324 | D:6      | Found a bloodstained altar of Trog.
  7184 | D:7      | Noticed a cyclops
  7226 | D:7      | Killed a cyclops
  7226 | D:7      | Reached ** piety under Okawaru
  7226 | D:7      | Reached skill level 10 in Axes
  7235 | D:7      | Found a staircase to the Ecumenical Temple.
  7246 | D:7      | Reached skill level 1 in Armour
  7246 | D:7      | Reached skill level 1 in Dodging
  7306 | Temple   | Entered the Ecumenical Temple
  7602 | D:7      | Noticed Dowan
  7605 | D:7      | Noticed Duvessa
  7620 | D:7      | Killed Duvessa
  7634 | D:7      | Killed Dowan
  7634 | D:7      | Gained mutation: Your magical and physical power is slightly enhanced at high health. [demonic ancestry]
  7634 | D:7      | Reached XP level 9. HP: 32/62 MP: 9/12
  8328 | D:7      | Reached *** piety under Okawaru
  8416 | D:8      | Reached skill level 11 in Axes
  8569 | D:8      | Found a staircase to the Lair.
  8644 | D:8      | Found an ancient bone altar of Kikubaaqudgha.
  8696 | Lair:1   | Entered Level 1 of the Lair of Beasts
  8815 | D:8      | Learned a level 3 spell: Regeneration
  8826 | D:8      | Learned a level 3 spell: Spectral Weapon
  9014 | D:8      | Found a hide-covered altar of Uskayaw.
  9075 | D:9      | Noticed Erica
  9098 | D:9      | Reached skill level 1 in Invocations
  9127 | D:9      | Reached **** piety under Okawaru
  9434 | D:9      | Found a staircase to the Orcish Mines.
  9451 | D:9      | Gained mutation: Your magical and physical power is enhanced at high health. [demonic ancestry]
  9451 | D:9      | Reached XP level 10. HP: 62/70 MP: 13/13
  9502 | D:9      | Found a hazy altar of Hepliaklqana.
  9511 | D:9      | Noticed Joseph
  9643 | D:9      | Killed Joseph
  9896 | D:9      | Gained mutation: Your system is resistant to poisons. (rPois) [potion of beneficial mutation]
  9914 | D:9      | Killed Erica
  9945 | D:10     | Entered Level 10 of the Dungeon
  9945 | D:10     | Noticed a hill giant
  9954 | D:10     | Killed a hill giant
 10364 | Lair:1   | Noticed a spiny frog
 10373 | Lair:1   | Killed a spiny frog
 10594 | Lair:1   | Noticed a spiny frog
 10606 | Lair:1   | Killed a spiny frog
 10628 | Lair:1   | Noticed a spiny frog
 10766 | Lair:1   | Killed a spiny frog
 10810 | Lair:1   | Noticed a spiny frog
 10818 | Lair:1   | Killed a spiny frog
 10818 | Lair:1   | Reached ***** piety under Okawaru
 10869 | Lair:1   | Noticed a spiny frog
 10883 | Lair:1   | Killed a spiny frog
 10883 | Lair:1   | Reached skill level 12 in Axes
 11272 | Lair:2   | Noticed a black mamba
 11283 | Lair:2   | Killed a black mamba
 11283 | Lair:2   | Gained mutation: You have a pair of large horns on your head. [demonic ancestry]
 11283 | Lair:2   | Reached XP level 11. HP: 60/78 MP: 13/16
 11304 | Lair:2   | Reached skill level 5 in Fighting
 11304 | Lair:2   | Reached skill level 5 in Invocations
 11889 | Lair:1   | Reached skill level 5 in Dodging
 11893 | Lair:1   | Reached skill level 5 in Armour
 12406 | Lair:2   | Reached ****** piety under Okawaru
 12411 | Lair:2   | Reached skill level 5 in Charms
 12963 | Lair:3   | Received a gift from Okawaru
 13417 | Lair:3   | Reached skill level 5 in Spellcasting
 13587 | Lair:3   | Found a hole to the Spider Nest.
 13587 | Lair:3   | Noticed an orb spider
 13612 | Lair:3   | Killed an orb spider
 13612 | Lair:3   | Received a gift from Okawaru
 13613 | Lair:3   | Got an ancient lajatang {god gift}
 13614 | Lair:3   | Identified the +5 lajatang of Muwor {slice, +Fly rN+ MR+ MP+9 Str-2} (Okawaru gifted it to you on level 3 of the Lair of Beasts)
 13738 | Lair:4   | Reached XP level 12. HP: 57/87 MP: 19/19
 13755 | Lair:4   | Noticed a death yak
 13758 | Lair:4   | Noticed a death yak
 13767 | Lair:4   | Noticed a death yak
 13769 | Lair:4   | Noticed a death yak
 13782 | Lair:4   | Killed a death yak
 13793 | Lair:4   | Killed a death yak
 13805 | Lair:4   | Killed a death yak
 14042 | Lair:4   | Reached skill level 13 in Axes
 14679 | Lair:4   | Received a gift from Okawaru
 14786 | Lair:4   | Killed a death yak
 15329 | Lair:4   | Found a staircase to the Swamp.
 15490 | Lair:5   | Noticed a death yak
 15491 | Lair:5   | Noticed a death yak
 15529 | Lair:4   | Killed a death yak
 15773 | Lair:5   | Noticed a five-headed hydra
 15784 | Lair:5   | Killed a one-headed hydra
 15876 | Lair:5   | Identified a scroll of acquirement
 15936 | Lair:5   | You fall through a shaft!
 15936 | Lair:6   | Entered Level 6 of the Lair of Beasts
 15936 | Lair:6   | Noticed a six-headed hydra
 15953 | Lair:6   | Killed a one-headed hydra
 15956 | Lair:6   | Gained mutation: Your movements are less encumbered by armour. (ER -4) [demonic ancestry]
 15956 | Lair:6   | Reached XP level 13. HP: 75/95 MP: 22/22
 17414 | Lair:2   | Received a gift from Okawaru
 17415 | Lair:2   | Got a fine buckler {god gift}
 17421 | Lair:2   | Identified the +1 buckler of Haraemn {Stlth+} (Okawaru gifted it to you on level 2 of the Lair of Beasts)
 17511 | Lair:6   | Reached skill level 14 in Axes
 17524 | Lair:6   | Found a staircase to the Slime Pits.
 17850 | Lair:6   | Found an ancient bone altar of Kikubaaqudgha.
 18718 | Lair:6   | Gained mutation: You regenerate a little health from kills. [demonic ancestry]
 18718 | Lair:6   | Reached XP level 14. HP: 84/105 MP: 24/24
 18747 | Lair:6   | Received a gift from Okawaru
 19091 | Orc:1    | Entered Level 1 of the Orcish Mines
 19292 | Orc:1    | Found a flagged portal.
 19303 | Bailey   | Entered a bailey
 19416 | Bailey   | Got a faintly glowing morningstar {crush}
 20154 | Orc:2    | Entered Level 2 of the Orcish Mines
 20172 | Orc:2    | Paralysed by an orc sorcerer for 4 turns
 20266 | Orc:2    | Paralysed by an orc sorcerer for 6 turns
 20606 | Orc:2    | Found Guumyec's Food Emporium.
 20699 | Orc:2    | Noticed HEYYEYAAE's ghost (journeyman DrIE)
 20711 | Orc:2    | Killed HEYYEYAAE's ghost
 20736 | Orc:2    | Found a staircase to the Elven Halls.
 20751 | Orc:2    | Identified the +6 morningstar of Winter {crush, SInv} (You took it off a kobold in a bailey)
 20960 | Orc:2    | Found Rajiweaf's Magic Scroll Boutique.
 20986 | Orc:2    | Reached skill level 15 in Axes
 21004 | Orc:2    | Found Cuga's Magic Scroll Shop.
 21189 | Orc:2    | Received a gift from Okawaru
 21202 | Orc:2    | Paralysed by an orc sorcerer for 4 turns
 22543 | Orc:2    | Found Waxivaen's Book Emporium.
 22543 | Orc:2    | Found Huiq's Antique Armour Shoppe.
 22543 | Orc:2    | Found a one-way gate leading to the halls of Pandemonium.
 22549 | Orc:2    | Bought a faintly humming ring mail for 261 gold pieces
 22549 | Orc:2    | Bought a scorched ring mail for 261 gold pieces
 22549 | Orc:2    | Bought a bloodstained cloak for 275 gold pieces
 22559 | Orc:2    | Identified the cursed +0 ring mail of Dogmatism {rElec rPois Slay-3} (You bought it in a shop on level 2 of the Orcish Mines)
 22569 | Orc:2    | Identified the +1 cloak "Vupriuwi" {Int+2} (You bought it in a shop on level 2 of the Orcish Mines)
 22580 | Orc:2    | Identified the +4 ring mail of Sicsion {rN+ Int-2 Stlth+} (You bought it in a shop on level 2 of the Orcish Mines)
 22580 | Orc:2    | Bought a faintly humming plate armour for 812 gold pieces
 22590 | Orc:2    | Identified the +9 plate armour "Udacex" {Int+6} (You bought it in a shop on level 2 of the Orcish Mines)
 22799 | Orc:2    | Bought a shiny chain mail for 304 gold pieces
 22822 | Orc:2    | Learned a level 2 spell: Blink
 22825 | Orc:2    | Learned a level 2 spell: Repel Missiles
 23015 | Orc:2    | Bought a scroll of enchant weapon for 112 gold pieces
 23015 | Orc:2    | Bought a scroll of identify for 30 gold pieces
 23015 | Orc:2    | Bought a scroll of enchant weapon for 112 gold pieces
 23015 | Orc:2    | Bought a scroll of enchant armour for 112 gold pieces
 23451 | Orc:2    | Bought a scroll of enchant armour for 112 gold pieces
 23451 | Orc:2    | Bought a scroll of enchant armour for 112 gold pieces
 23584 | D:10     | Noticed Snorg
 23605 | D:10     | Killed Snorg
 23826 | D:10     | Noticed Grum
 23832 | D:10     | Killed Grum
 24011 | D:11     | Reached XP level 15. HP: 86/114 MP: 15/25
 24316 | D:11     | Noticed Gastronok
 24499 | D:11     | Killed Gastronok
 24581 | D:11     | Found Temikh's Food Boutique.
 24952 | D:12     | Found a sparkling altar of Nemelex Xobeh.
 25950 | D:13     | Reached skill level 16 in Axes
 26093 | D:13     | Got a heavily runed leather armour
 26104 | D:13     | Identified the +1 leather armour of the Spheres {MP+9 Str+3 Stlth-} (You found it on level 13 of the Dungeon)
 26213 | D:13     | Received a gift from Okawaru
 26628 | D:14     | Reached skill level 10 in Fighting
 26896 | D:14     | Reached skill level 10 in Dodging
 26964 | D:14     | Found a gate to the Vaults.
 26986 | D:14     | Received a gift from Okawaru
 27132 | D:14     | Reached skill level 10 in Armour
 28031 | D:15     | Entered Level 15 of the Dungeon
 28208 | D:15     | Found a sacrificial altar of Ru.
 28500 | D:15     | Found Oppue's Distillery.
 28548 | D:15     | Received a gift from Okawaru
 28761 | D:15     | Found a staircase to the Depths.
 29646 | Spider:1 | Entered Level 1 of the Spider Nest
 29701 | Spider:1 | Reached skill level 1 in Stealth
 29703 | Spider:1 | Reached skill level 1 in Evocations
 29703 | Spider:1 | Reached XP level 16. HP: 113/124 MP: 26/26
 29858 | Spider:1 | Noticed Donald
 29870 | Spider:1 | Killed Donald
 30991 | Spider:3 | Reached skill level 17 in Axes
 31166 | Spider:3 | Received a gift from Okawaru
 32280 | Spider:4 | Entered Level 4 of the Spider Nest
 32916 | Spider:4 | Received a gift from Okawaru
 33070 | Spider:4 | Gained mutation: Your movements are significantly less encumbered by armour. (ER -6) [demonic ancestry]
 33070 | Spider:4 | Reached XP level 17. HP: 131/131 MP: 0/27
 33112 | Spider:4 | Got a gossamer rune of Zot
 33441 | Swamp:1  | Entered Level 1 of the Swamp
 33505 | Swamp:1  | Reached skill level 5 in Evocations
 33722 | Swamp:1  | Noticed Exporg's ghost (journeyman MiBe)
 33750 | Swamp:1  | Killed Exporg's ghost
 33750 | Swamp:1  | Received a gift from Okawaru
 33808 | Swamp:1  | Reached skill level 5 in Stealth
 35226 | Swamp:3  | Noticed Nikola
 35892 | Swamp:3  | Killed Nikola
 36165 | Swamp:3  | Noticed Jorgrun
 36181 | Swamp:3  | Killed Jorgrun
 36328 | Swamp:3  | Noticed Bai Suzhen
 36346 | Swamp:3  | Killed Bai Suzhen
 36826 | Swamp:4  | Entered Level 4 of the Swamp
 36853 | Swamp:4  | Reached skill level 18 in Axes
 36953 | Swamp:4  | Gained mutation: You are significantly more attuned to the shadows. [demonic ancestry]
 36953 | Swamp:4  | Reached XP level 18. HP: 98/140 MP: 12/28
 37004 | Swamp:4  | Received a gift from Okawaru
 37050 | Swamp:4  | Got a decaying rune of Zot
 37427 | Swamp:4  | Noticed a tentacled monstrosity
 37438 | Swamp:4  | Killed a tentacled monstrosity
 37930 | Vaults:1 | Entered Level 1 of the Vaults
 38225 | Vaults:1 | Noticed a Hell Sentinel
 39131 | Vaults:2 | Noticed Aizul
 39155 | Vaults:2 | Killed Aizul
 39182 | Vaults:2 | Found a staircase to the Crypt.
 39182 | Vaults:2 | Found a basalt altar of Yredelemnul.
 39183 | Vaults:2 | Found an ancient bone altar of Kikubaaqudgha.
 39393 | Vaults:2 | Received a gift from Okawaru
 39481 | Vaults:2 | Reached XP level 19. HP: 123/148 MP: 23/29
 39657 | Vaults:2 | Found a white marble altar of Elyvilon.
 39723 | Vaults:2 | Received a gift from Okawaru
 39867 | Vaults:2 | Found Eqoth's Distillery.
 40123 | Vaults:2 | Reached skill level 19 in Axes
 40440 | Vaults:3 | Noticed Sojobo
 40916 | Vaults:3 | Cast into level 2 of the Abyss (a deep elf sorcerer)
 40982 | Vaults:3 | Escaped the Abyss
 40989 | Vaults:3 | Received a gift from Okawaru
 41011 | Vaults:2 | Identified a +2 pair of boots of running (Okawaru gifted it to you on level 3 of the Vaults)
 41077 | Vaults:3 | Killed Sojobo
 42115 | Vaults:4 | Found Iced's Armour Emporium.
 42250 | Vaults:4 | Got a slimy quick blade
 42251 | Vaults:4 | Identified the +5 quick blade of Chagrin {chaos, +Inv rF+ rN++ Str-3} (You found it on level 4 of the Vaults)
 42401 | Vaults:4 | Paralysed by an orc sorcerer for 3 turns
 42506 | Vaults:4 | Received a gift from Okawaru
 42506 | Vaults:4 | Gained mutation: You are completely attuned to the shadows. [demonic ancestry]
 42506 | Vaults:4 | Reached XP level 20. HP: 65/158 MP: 1/30
 43201 | Vaults:4 | Reached skill level 10 in Stealth
 43525 | Vaults:4 | Found Rybo Raz's Distillery.
 43530 | Vaults:4 | Bought a potion of heal wounds for 90 gold pieces
 43530 | Vaults:4 | Bought a potion of heal wounds for 90 gold pieces
 43530 | Vaults:4 | Bought 2 potions of heal wounds for 180 gold pieces
 44281 | Elf:1    | Entered Level 1 of the Elven Halls
 44341 | Elf:1    | Found Siemiy's Food Boutique.
 44450 | Elf:1    | Found an ancient bone altar of Kikubaaqudgha.
 44677 | Elf:1    | Paralysed by a wizard for 3 turns
 45032 | Elf:1    | Received a gift from Okawaru
 45408 | Elf:1    | Reached skill level 20 in Axes
 45682 | Elf:2    | Found a runed gate.
 45682 | Elf:2    | Found a runed gate.
 45682 | Elf:2    | Found a runed gate.
 45936 | Elf:2    | Received a gift from Okawaru
 45937 | Elf:2    | Got a faintly glowing battleaxe {god gift}
 45938 | Elf:2    | Identified the +6 battleaxe of Marhau {chop, rElec Dex+2} (Okawaru gifted it to you on level 2 of the Elven Halls)
 46341 | Elf:3    | Entered Level 3 of the Elven Halls
 46522 | Elf:3    | Reached XP level 21. HP: 97/166 MP: 18/31
 46734 | Elf:3    | Received a gift from Okawaru
 46889 | Elf:3    | Got a spiked ring mail
 46985 | Elf:3    | Got a slimy bone ring
 47369 | Elf:3    | Cast into level 3 of the Abyss (a deep elf sorcerer)
 47527 | Abyss:3  | Found a corrupted altar of Lugonu.
 47747 | Abyss:3  | Received a gift from Okawaru
 47748 | Abyss:3  | Got a jewelled plate armour {god gift}
 47749 | Abyss:3  | Identified the cursed +0 ring mail "Dajorar" {Int+5} (You took it off a deep elf high priest on level 3 of the Elven Halls)
 47750 | Abyss:3  | Identified the ring "Vauriyxi" {rPois rF+ Str-5 Int+3} (You took it off a deep elf mage on level 3 of the Elven Halls)
 47751 | Abyss:3  | Identified the +8 plate armour "Qeohefiz" {rPois rF+} (Okawaru gifted it to you on level 3 of the Abyss)
 47796 | Abyss:3  | Got a scintillating golden ring
 47797 | Abyss:3  | Identified the ring "Uqa Tac" {+Blink rElec rPois MP+9 Slay+2} (You found it on level 3 of the Abyss)
 47853 | Abyss:3  | Paralysed by an apocalypse crab for 2 turns
 47855 | Elf:3    | Escaped the Abyss
 48584 | Elf:3    | Cast into level 3 of the Abyss (a deep elf demonologist)
 48856 | Abyss:3  | Got a smoking robe
 48857 | Abyss:3  | Identified the +1 robe of Dramatic Exits {MR+ Int+4 Dex+4 Stlth+} (You found it on level 3 of the Abyss)
 48951 | Abyss:3  | Found a corrupted altar of Lugonu.
 48993 | Elf:3    | Escaped the Abyss
 49227 | Elf:3    | Reached skill level 15 in Fighting
 49344 | Elf:3    | Reached skill level 21 in Axes
 49769 | Depths:1 | Entered Level 1 of the Depths
 49858 | Depths:1 | Found a gateway to Hell.
 49987 | Depths:1 | Received a gift from Okawaru
 50066 | Depths:1 | Found a sparkling altar of Nemelex Xobeh.
 50235 | Depths:1 | Reached XP level 22. HP: 152/175 MP: 30/32
 50397 | Depths:1 | Found a one-way gate to the infinite horrors of the Abyss.
 51361 | Depths:2 | Reached skill level 15 in Armour
 51816 | Depths:2 | Received a gift from Okawaru
 52138 | Depths:2 | Noticed an ancient lich
 52325 | Depths:2 | Killed an ancient lich
 52760 | Depths:2 | Identified the Disquisition on Ashen Dark Secrets
 53075 | Depths:2 | Got a slimy leather armour
 53076 | Depths:2 | Identified the cursed +1 leather armour "Koem" {Regen+} (You took it off a necromancer on level 2 of the Depths)
 53270 | Depths:2 | Paralysed by a great orb of eyes for 6 turns
 53275 | Depths:2 | HP: 8/170 [lich/poison arrow[an orange crystal statue] (13)]
 53275 | Depths:2 | Mangled by a stone giant

Skill      XL: |  1  2  3  4  5  6  7  8  9 10 11 12 13 14 15 16 17 18 19 20 21 22 |
---------------+-------------------------------------------------------------------+-----
Axes           | 2 3 4 5 7 8 10 11 12 13 14 15 16 17 18 19 20 21 | 21.6
Armour         | 1 3 4 5 6 7 9 10 11 12 13 14 15 | 15.3
Dodging        | 1 3 4 5 6 7 9 10 11 12 13 14 | 14.9
Fighting       | 3 4 5 6 8 9 10 11 12 13 14 15 | 15.5
Invocations    | 2 4 6 8 9 |  9.0
Charms         | 3 4 5 6 7 |  7.0
Spellcasting   | 3 5 6 |  6.8
Stealth        | 1 4 6 8 9 10 12 | 12.8
Evocations     | 1 4 6 8 |  8.0

Action                   |  1- 3 |  4- 6 |  7- 9 | 10-12 | 13-15 | 16-18 | 19-21 | 22-24 || total
-------------------------+-------+-------+-------+-------+-------+-------+-------+-------++-------
Melee: Hand axe          |   140 |    23 |   381 |   539 |  1295 |       |       |       ||  2378
       Headbutt          |    15 |    20 |    71 |    97 |   339 |   269 |   270 |   106 ||  1187
       Dagger            |     2 |   145 |       |       |       |       |       |       ||   147
       Punch             |       |       |     1 |     5 |       |       |       |       ||     6
       Battleaxe         |       |       |       |       |   291 |  1114 |  1315 |   473 ||  3193
       Executioner's axe |       |       |       |       |     4 |   143 |    28 |    21 ||   196
       Morningstar       |       |       |       |       |       |       |     5 |       ||     5
 Cast: Infusion          |     2 |       |       |       |       |       |       |       ||     2
       Repel Missiles    |       |       |       |       |     1 |     2 |    11 |     1 ||    15
       Regeneration      |       |       |       |       |       |     2 |    32 |    25 ||    59
       Blink             |       |       |       |       |       |       |       |     4 ||     4
Invok: Heroism           |       |       |     4 |    11 |    23 |    15 |    20 |     4 ||    77
       Finesse           |       |       |       |     2 |     7 |     6 |     3 |     2 ||    20
 Abil: Evoke Flight      |       |       |     1 |       |       |     7 |       |       ||     8
Evoke: Wand              |       |       |       |       |     3 |       |     1 |       ||     4
  Use: Scroll            |     1 |     4 |     9 |    15 |    27 |     8 |    15 |     8 ||    87
       Potion            |       |     4 |       |    10 |     6 |     1 |     2 |       ||    23
 Stab: Sleeping          |     4 |     3 |     4 |     7 |    22 |    29 |    52 |       ||   121
       Distracted        |       |       |       |     2 |     1 |     7 |    10 |     9 ||    29
       Invisible         |       |       |       |     6 |       |       |       |       ||     6
       Petrified         |       |       |       |     2 |       |       |       |       ||     2
       Petrifying        |       |       |       |     1 |       |       |       |       ||     1
       Confused          |       |       |       |       |       |    10 |       |       ||    10
  Eat: Chunk             |     3 |     9 |    14 |    18 |    39 |    27 |    34 |    10 ||   154
       Fruit             |       |       |     2 |       |       |       |       |       ||     2
       Bread ration      |       |       |       |     1 |     1 |     2 |       |       ||     4
       Pizza             |       |       |       |       |       |       |     1 |     1 ||     2
Armor: Leather armour    |    38 |    52 |   125 |   107 |     1 |       |       |       ||   323
       Skin              |       |       |       |     7 |       |       |       |       ||     7
       Ring mail         |       |       |       |       |   158 |     1 |       |   148 ||   307
       Plate armour      |       |       |       |       |    24 |       |       |       ||    24
       Troll leather arm |       |       |       |       |   209 |   329 |       |       ||   538
       Scale mail        |       |       |       |       |       |   358 |   485 |    26 ||   869
Dodge: Dodged            |    86 |   103 |   180 |   252 |   837 |  1027 |   780 |   365 ||  3630
       Deflected         |       |       |       |       |     4 |     6 |    50 |    13 ||    73
Block: Buckler           |       |       |       |       |   165 |       |       |       ||   165
